 Dungeon Crawl Stone Soup version 0.21.1-1-g345015fe64 (webtiles) character file.

2720 Bighouser the Cleaver (level 9, 0/78 (79) HPs)
             Began as a Hill Orc Fighter on June 24, 2018.
             Succumbed to a killer bee's poison
             ... on level 7 of the Dungeon.
             The game lasted 00:17:36 (8003 turns).

Bighouser the Cleaver (Hill Orc Fighter)            Turns: 8003, Time: 00:17:36

HP:   0/78 (79)     AC: 10    Str: 22    XL:     9   Next: 66%
MP:   9/9           EV:  9    Int:  8    God:
Gold: 370           SH: 10    Dex: 10    Spells: 8/8 levels left

rFire    . . .     SeeInvis .   a - +0 war axe
rCold    . . .     Gourm    .   c - +0 shield
rNeg     . . .     Faith    .   b - +0 scale mail
rPois    .         Spirit   .   A - +0 helmet
rElec    .         Reflect  .   (no cloak)
rCorr    .         Harm     .   l - +0 pair of gloves
MR       .....                  (no boots)
Stlth    ..........             (no amulet)
HPRegen  0.23/turn              (no ring)
MPRegen  0.11/turn              (no ring)

@: lethally poisoned (0 -> -1)
A: no striking features
a: no special abilities


You were on level 7 of the Dungeon.
You were not hungry.

You visited 1 branch of the dungeon, and saw 7 of its levels.

You collected 370 gold pieces.

Inventory:

Hand Weapons
 a - a +0 war axe (weapon)
Missiles
 y - 66 stones (quivered)
Armour
 b - a +0 scale mail (worn)
 c - a +0 shield (worn)
 l - a +0 pair of gloves (worn)
 A - a +0 helmet (worn)
Jewellery
 m - an uncursed amulet of harm {unknown}
 o - a +3 ring of intelligence {unknown}
 x - an uncursed ring of protection from fire {unknown}
 B - a +2 ring of strength {unknown}
 G - an uncursed amulet of the gourmand {unknown}
Wands
 D - a wand of polymorph (11)
 F - a wand of clouds (4)
Scrolls
 e - 3 scrolls of enchant weapon {unknown}
 h - 3 scrolls of immolation {unknown}
 j - 3 scrolls of identify {unknown}
 k - 6 scrolls of remove curse {unknown}
 p - a scroll of noise {unknown}
 q - 2 scrolls of random uselessness {unknown}
 t - 2 scrolls of teleportation {unknown}
 w - 2 scrolls of fear {unknown}
 C - a scroll of blinking {unknown}
 E - 2 scrolls of enchant armour {unknown}
Potions
 d - 2 potions of might
 g - a potion of berserk rage {unknown}
 i - 2 potions of magic {unknown}
 n - 2 potions of curing {unknown}
 r - 2 potions of heal wounds {unknown}
 u - a potion of cancellation {unknown}
 v - 2 potions of flight {unknown}
 z - a potion of lignification {unknown}
Books
 s - a book of Maledictions

   Spells                             Type                      Level
   a - Corona                         Hexes                        1
   b - Ensorcelled Hibernation        Hexes/Ice                    2
   c - Confuse                        Hexes                        3
   d - Tukima's Dance                 Hexes                        3
   e - Dazzling Spray                 Conjuration/Hexes            3
Comestibles
 f - 5 rations


   Skills:
 + Level 7.4 Fighting
 + Level 10.8 Axes
 + Level 7.0 Armour
 + Level 2.5 Dodging
 + Level 1.2 Stealth
 + Level 6.4 Shields


You had 8 spell levels left.
You didn't know any spells.

Dungeon Overview and Level Annotations

Branches:
Dungeon (7/15)             Temple (0/1) D:6

Altars:
Cheibriados
Dithmenos
Makhleb
Wu Jian
Xom


Message History

The killer bee stings you.
* * * LOW HITPOINT WARNING * * *
The killer bee stings you.
* * * LOW HITPOINT WARNING * * *
Your shield and scale mail prevent you from hitting the killer bee.
The killer bee is lightly wounded.
You feel sick. The killer bee barely misses you.
The orc wizard casts a spell.
The orc wizard blinks!
The killer bee stings you!
* * * LOW HITPOINT WARNING * * *
You miss the killer bee.
The killer bee is lightly wounded.
The killer bee barely misses you. The killer bee stings you.
* * * LOW HITPOINT WARNING * * *
You slice the killer bee!!
You kill the killer bee!
You block the killer bee's attack. The killer bee stings you!
* * * LOW HITPOINT WARNING * * *
You barely miss the killer bee.
You die...

#.#.##########.
#.. ##.#.## ..
#.. #.....# ...
### #.....# ..
# #.....# #
##.#'## # #.#.#
# #.#.# # #.#@#
### #.#y# #(.
#.#t# #.. #.o..
#.. #o# #.. ...
.... ... #####
...


You could see a crocodile, a killer bee, an orc wizard and an orc.

Vanquished Creatures
  The ghost of Kohma the Shield-Bearer, a novice GrFi of Okawaru (D:4)
  A hippogriff (D:7)
  Eustachio (D:4)
  The ghost of Jyngge the Covered, an amateur MiFi (D:5)
  Duvessa (D:3)
  An ice beast (D:6)
  A necrophage (D:6)
  An orc warrior (D:7)
  3 ogres
  2 bullfrogs (D:6)
  Blork the orc (D:5)
  A scorpion (D:7)
  Dowan (D:4)
  A killer bee (D:7)
  A water moccasin skeleton (D:5)
  2 jellies
  A howler monkey (D:5)
  2 crimson imps
  3 bullfrog zombies
  A hound (D:4)
  4 orc priests
  2 centaur skeletons
  2 orc wizards
  3 iguanas
  6 worker ants
  A killer bee zombie (D:3)
  Robin (D:2)
  6 adders
  2 shadow imps
  3 oozes
  An adder skeleton (D:4)
  3 worms
  7 leopard geckos
  32 orcs
  3 ball pythons
  3 giant cockroaches
  14 goblins
  10 hobgoblins
  6 jackals
  3 quokkas
  7 bats
  6 frilled lizards
  A jackal zombie (D:6)
  8 kobolds
  2 quokka zombies
  9 rats
  A butterfly (D:6)
173 creatures vanquished.

Notes
Turn   | Place    | Note
-------+----------+-------------------------------------------
     0 | D:1      | Bighouser the Hill Orc Fighter began the quest for the Orb.
     0 | D:1      | Reached XP level 1. HP: 19/19 MP: 1/1
    50 | D:1      | Reached XP level 2. HP: 24/27 MP: 2/2
   522 | D:2      | Reached skill level 3 in Axes
   573 | D:2      | Reached XP level 3. HP: 28/33 MP: 3/3
   919 | D:2      | Noticed Robin
   933 | D:2      | Killed Robin
   933 | D:2      | Reached skill level 4 in Axes
   933 | D:2      | Reached XP level 4. HP: 38/40 MP: 4/4
  1547 | D:3      | Reached XP level 5. HP: 37/46 MP: 5/5
  1548 | D:3      | Found an ornate altar of the Wu Jian Council.
  1555 | D:3      | Found a snail-covered altar of Cheibriados.
  1585 | D:3      | Reached skill level 5 in Axes
  1997 | D:4      | Noticed Dowan
  1999 | D:4      | Noticed Duvessa
  2218 | D:4      | Killed Dowan
  2218 | D:4      | Reached skill level 6 in Axes
  2218 | D:4      | Reached XP level 6. HP: 46/53 MP: 6/6
  2227 | D:3      | Killed Duvessa
  2498 | D:4      | Noticed Eustachio
  2759 | D:3      | Reached skill level 5 in Fighting
  2759 | D:3      | Reached XP level 7. HP: 9/61 MP: 7/7
  3046 | D:4      | Killed Eustachio
  3046 | D:4      | Reached skill level 7 in Axes
  3046 | D:4      | Reached skill level 1 in Dodging
  3302 | D:4      | Noticed Kohma's ghost (novice GrFi)
  3723 | D:4      | Reached skill level 5 in Armour
  4144 | D:3      | Reached skill level 5 in Shields
  4655 | D:4      | Killed Kohma's ghost
  4655 | D:4      | Reached skill level 8 in Axes
  4655 | D:4      | Reached XP level 8. HP: 29/70 MP: 8/8
  5073 | D:5      | Entered Level 5 of the Dungeon
  5200 | D:5      | Noticed Blork the orc
  5204 | D:5      | Killed Blork the orc
  5832 | D:5      | Noticed Jyngge's ghost (amateur MiFi)
  5836 | D:5      | Reached skill level 9 in Axes
  6351 | D:5      | Killed Jyngge's ghost
  6351 | D:5      | Reached XP level 9. HP: 46/78 MP: 9/9
  6781 | D:6      | Found a faded altar of an unknown god.
  6781 | D:6      | Found a staircase to the Ecumenical Temple.
  7084 | D:6      | Found a shimmering altar of Xom.
  7119 | D:6      | Found a burning altar of Makhleb.
  7243 | D:6      | Reached skill level 10 in Axes
  7280 | D:6      | Found a shadowy altar of Dithmenos.
  7646 | D:7      | Reached skill level 1 in Stealth
  8002 | D:7      | HP: 1/78 [killer bee (7)]
  8003 | D:7      | Succumbed to a killer bee's poison

Skill      XL: |  1  2  3  4  5  6  7  8  9 |
---------------+----------------------------+-----
Axes           | 3 4 6 8 9 10 | 10.8
Fighting       | 4 5 6 7 |  7.4
Armour         | 4 5 6 7 |  7.0
Shields        | 4 5 6 |  6.4
Dodging        | 1 2 |  2.5
Stealth        | 1 |  1.2

Action                   |  1- 3 |  4- 6 |  7- 9 || total
-------------------------+-------+-------+-------++-------
Melee: War axe           |    94 |   228 |   447 ||   769
 Stab: Sleeping          |       |       |     1 ||     1
  Eat: Chunk             |       |     3 |     5 ||     8
       Ration            |       |     1 |     4 ||     5
Armor: Scale mail        |    63 |    96 |   167 ||   326
Dodge: Dodged            |    38 |    67 |   127 ||   232
Block: Shield            |    56 |   117 |   213 ||   386
